 Dungeon Crawl Stone Soup version 0.27.1-4-g1640c2035a (webtiles) character file.

Game seed: 16903874680759184739

14 zeram the Sneak (level 2, 0/16 HPs)
             Began as a Deep Elf Brigand on Nov 16, 2021.
             Slain by a goblin (1 damage)
             ... on level 2 of the Dungeon.
             The game lasted 00:01:09 (1174 turns).

zeram the Sneak (Deep Elf Brigand)                  Turns: 1174, Time: 00:01:09

Health: 0/16       AC:  3    Str:  8    XL:     2   Next: 31%
Magic:  4/4        EV: 12    Int: 15    God:
Gold:   53         SH:  0    Dex: 16    Spells: 1/1 levels left

rFire    . . .     SeeInvis .   a - +2 dagger (vorpal)
rCold    . . .     Faith    .   (no shield)
rNeg     . . .     Spirit   .   b - +0 robe
rPois    .         Reflect  .   (no helmet)
rElec    .         Harm     .   c - +0 cloak
rCorr    .         Rampage  .   (no gloves)
Will     .....                  (no boots)
Stlth    +++.......             (no amulet)
HPRegen  0.05/turn              (no ring)
MPRegen  0.09/turn              (no ring)

@: mighty
A: no striking features
a: no special abilities


You were on level 2 of the Dungeon.
You visited 1 branch of the dungeon, and saw 2 of its levels.

You collected 53 gold pieces.

Inventory:

Hand Weapons
 a - a +2 vorpal dagger (weapon)
Missiles
 d - 8 poisoned darts (quivered)
 e - 2 curare-tipped darts
Armour
 b - a +0 robe (worn)
 c - a +0 cloak (worn)
Potions
 g - 2 potions of might
 i - a potion of ambrosia


   Skills:
 - Level 1.5 Fighting
 - Level 2.0 Short Blades
 - Level 2.0 Throwing
 - Level 1.2 Dodging
 + Level 5.7 Stealth


You had one spell level left.
You didn't know any spells.
Your spell library was empty.

Dungeon Overview and Level Annotations

Branches:
Dungeon (2/15)

Altars:


Message History

The quokka bites you but does no damage.
A kobold comes into view. It is wielding a +0 dagger.
The kobold shouts!
The bat barely misses you. The goblin hits you with a +0 dagger.
The bat barely misses you.
A ball python comes into view.
The hobgoblin closely misses you.
The kobold throws a stone.
The stone hits you but does no damage.
The ball python hisses angrily.
You hear an angry hiss.
A ball python comes into view.
The bat barely misses you. The bat hits you but does no damage.
The quokka closely misses you.
You closely miss the bat. The bat hits you but does no damage.
The goblin barely misses you. The bat hits you but does no damage.
The quokka bites you.
As you read the scroll labelled FAHOCZUHIU, it crumbles to dust.
It is a scroll of identify.
g - 3 potions of might The bat barely misses you.
The hobgoblin barely misses you. The goblin hits you with a +0 dagger.
The quokka bites you but does no damage.
As you read the scroll of identify, it crumbles to dust.
i - a potion of ambrosia The hobgoblin closely misses you.
The goblin hits you with a +0 dagger. The quokka bites you.
As you read the scroll labelled KAIFUE YRISCHAF, it crumbles to dust.
It is a scroll of brand weapon.
Your +2 dagger emits a brilliant flash of light!
a - a +2 vorpal dagger (weapon)
The ball python closely misses you. The ball python barely misses you.
The quokka completely misses you. The hobgoblin hits you.
* * * LOW HITPOINT WARNING * * *
The goblin hits you with a +0 dagger.
* * * LOW HITPOINT WARNING * * *
The ball python completely misses you. The ball python barely misses you.
You feel very mighty all of a sudden. The quokka bites you.
* * * LOW HITPOINT WARNING * * *
The hobgoblin misses you. The goblin hits you with a +0 dagger.
You die... ..........# .........# ............# .....^....... <........... ....... bKS

#.. .......##S#
#..#
.......Jg@##..#
..?....ggr#..#
.........B..#
...........)##
.............##
..............##
...............#
.............#..#
.............##..


You could see an endoplasm, a quokka, a giant cockroach, 2 hobgoblins, a goblin,
a bat, 2 ball pythons and a kobold.

Vanquished Creatures
  A dart slug (D:1)
  A ball python (D:1)
  A bat (D:1)
  A giant cockroach (D:1)
  2 hobgoblins (D:1)
  2 quokkas (D:1)
  A kobold (D:1)
  2 rats (D:1)
11 creatures vanquished.

Notes
Turn   | Place    | Note
-------+----------+-------------------------------------------
     0 | D:1      | zeram the Deep Elf Brigand began the quest for the Orb.
     0 | D:1      | Reached XP level 1. HP: 12/12 MP: 3/3
   116 | D:1      | Reached skill level 5 in Stealth
   658 | D:1      | Reached XP level 2. HP: 12/16 MP: 4/4
  1160 | D:1      | You fall into a shaft and drop 1 floor!
  1174 | D:2      | Slain by a goblin

Illustrated notes

Levels and vault maps discovered:
D:1:      minmay_arrival_four_houses, layout_loops_corners
D:2:      layout_rooms, ebering_ecumenical_altar_rust

Skill      XL: |  1 |
---------------+----+-----
Stealth        | 5 |  5.7
Fighting       | |  1.5
Short Blades   | |  2.0
Throwing       | |  2.0
Dodging        | |  1.2

Action                   || total
-------------------------++-------
Melee: Dagger            ||    51
  Use: Scroll            ||     3
       Potion            ||     1
 Stab: Sleeping          ||     3
Armor: Robe              ||    20
Dodge: Dodged            ||    44
